[Event "*** Titled Tuesday 3|2 Blitz"]
[Site "Chess.com"]
[Date "2015.03.03"]
[Round "7"]
[White "zmaj23"]
[Black "DanielNaroditsky"]
[Result "1-0"]
[WhiteElo "2355"]
[BlackElo "2565"]
[TimeControl "180+2"]
[EndTime "12:27:05 PST"]
[Termination "zmaj23 won by resignation"]

1. e4 e5 2. Nc3 Nf6 3. Bc4 Bb4 4.
Nge2 c6 5. O-O d5 6. exd5 cxd5 7.
Bb5+ Nc6 8. d4 e4 9. Bg5 Be6 10.
f3 exf3 11. Rxf3 Be7 12. Nf4 O-O 13. Nxe6 fxe6 14. Rh3 Rc8 15. Bxc6 bxc6 16. Qd3 h6 17. Bxh6 Qe8 18. Bg5 Kf7 19. Rf1 Rh8 20. Rhf3 Qd8 21. Rg3 Rb8 22. Bxf6 Bxf6 23. Qg6+ Ke7 24. Rg4 Rxb2 25.
Na4 Rh6 26. Qd3 Rb4 27. Qg3 Rh7 28. Nc5 Qd6 29. c3 Qxg3 30. Rxg3 Rc4 31. Re3 e5 32. Rb1 Rh5 33. Rb7+ Kd8 34. Ne6+ Kc8 35. Rc7+ Kb8 36. Re2 Rh8 37. Rb2+ Ka8 38. Rcb7 1-0

[Event "*** Titled Tuesday 3|2 Blitz"]
[Site "Chess.com"]
[Date "2015.03.03"]
[Round "7"]
[White "manitodeplomo"]
[Black "GMHess"]
[Result "0-1"]
[WhiteElo "2288"]
[BlackElo "2454"]
[TimeControl "180+2"]
[EndTime "12:27:14 PST"]
[Termination "GMHess won on time"]

1. d4 g6 2. c4 Bg7 3. Nc3 c5 4. d5 Bxc3+ 5. bxc3 f5 6. e4 fxe4 7.
Qa4 Nf6 8. f3 e6 9. fxe4 Nxe4 10. Nf3 O-O 11. Qc2 Qf6 12. Bh6 Re8 13. Qxe4 Qxc3+ 14. Kf2 Qxa1 15. Bd3 Qb2+ 16. Kg3 d6 17. Rf1 Nd7 18. Qf4 e5 19. Qg5 e4 20. Re1 Nf6 21.
Bxe4 Rxe4 0-1

[Event "*** Titled Tuesday 3|2 Blitz"]
[Site "Chess.com"]
[Date "2015.03.03"]
[Round "7"]
[White "SuPeR_Fm"]
[Black "stepanosinovsky"]
[Result "0-1"]
[WhiteElo "2336"]
[BlackElo "2288"]
[TimeControl "180+2"]
[EndTime "12:27:15 PST"]
[Termination "stepanosinovsky won by resignation"]

1. e4 e5 2. Nf3 Nc6 3. Nc3 Nf6 4.
Bc4 Nxe4 5. Nxe4 d5 6. Bb5 dxe4 7.
Nxe5 Qd5 8. Nxc6 Qxb5 9. Nd4 Qg5 10. O-O Bh3 11. g3 Bxf1 12. Qxf1 O-O-O 13. Nb5 a6 14. Nc3 Qg6 15. Qe2 f5 16. d3 exd3 17. cxd3 Bd6 18. Qf3 h5 19. Nd5 h4 20. Bf4 hxg3 21. hxg3 Qh5 22. Qg2 g5 23. Bxd6 Rxd6 24. Ne7+ Kb8 25.
Nxf5 Rxd3 26. Re1 Rd1 0-1

[Event "*** Titled Tuesday 3|2 Blitz"]
[Site "Chess.com"]
[Date "2015.03.03"]
[Round "7"]
[White "Mugzyyy"]
[Black "petrpalachev"]
[Result "1-0"]
[WhiteElo "2404"]
[BlackElo "2438"]
[TimeControl "180+2"]
[EndTime "12:27:21 PST"]
[Termination "Mugzyyy won by resignation"]

1. d4 Nf6 2. c4 e6 3. Nc3 Bb4 4.
Nf3 d5 5. cxd5 exd5 6. Bg5 h6 7. Bh4 g5 8. Bg3 Ne4 9. Nd2 Nxg3 10. hxg3 c6 11. Qc2 Qe7 12. e3 Bg4 13. Be2 Bxe2 14.
Nxe2 Nd7 15. O-O-O Bxd2+ 16. Rxd2 Nf6 17. Nc3 O-O-O 18.
Kb1 Kb8 19. Rd3 Ne4 20. g4 Nxc3+ 21. Rxc3 Rd6 22. a3 Re8 23. f3 Re6 24. Re1 Qd6 25.
Ka2 Qh2 26. Re2 R8e7 27. Rb3 Qg1 28. Qh7 a6 29. Qg8+ Ka7 30. Qd8 Qc1 31. e4 Qc4 32. Qb6+ Ka8 33. Re3 dxe4 34. fxe4 Rd7 35. Rd3 Rxe4 36.
d5 Rd4 37. Rxd4 1-0

[Event "*** Titled Tuesday 3|2 Blitz"]
[Site "Chess.com"]
[Date "2015.03.03"]
[Round "7"]
[White "HansCoolNiemann"]
[Black "bsmail"]
[Result "1-0"]
[WhiteElo "1834"]
[BlackElo "2036"]
[TimeControl "180+2"]
[EndTime "12:27:22 PST"]
[Termination "HansCoolNiemann won by resignation"]

1. d4 Nf6 2. c4 e6 3. Nf3 Bb4+ 4.
Bd2 a5 5. Bxb4 axb4 6. g3 O-O 7. Bg2 d5 8. cxd5 exd5 9. O-O c6 10. Qd2 Qd6 11. Ne5 Nbd7 12. Nd3 b3 13. a3 c5 14. dxc5 Nxc5 15. Nxc5 Qxc5 16. Nc3 d4 17. Ne4 Nxe4 18. Bxe4 Be6 19. Rac1 Qb6 20. Rfd1 Rfd8 21. Qd3 h6 22. Qf3 Rab8 23. h4 Qa6 24. Bd3 b5 25. Rc5 Rdc8 26. Rdc1 Rxc5 27. Rxc5 Qa5 28. Qc6 Qe1+ 29. Kg2 b4 30. a4 g6 31. a5 Rc8 32.
Qd6 Rxc5 33. Qxc5 h5 34. a6 Bh3+ 35. Kf3 Bg4+ 36. Kf4 Qd2+ 37. Ke5 Qh6 38. a7 Qg7+ 39. Ke4 f5+ 40. Kf4 Qh6+ 41. Ke5 Qg7+ 42. Kd6 Qf8+ 43. Kc6 Qa8+ 44. Kb6 f4 45. Bc4+ Kh7 46. Bd5 Qd8+ 47. Qc7+ Qxc7+ 48. Kxc7 fxg3 49. a8=Q gxf2 50. Qg8+ 1-0

[Event "*** Titled Tuesday 3|2 Blitz"]
[Site "Chess.com"]
[Date "2015.03.03"]
[Round "7"]
[White "Tilicheev_Viacheslav"]
[Black "GGuseinov"]
[Result "0-1"]
[WhiteElo "2511"]
[BlackElo "2596"]
[TimeControl "180+2"]
[EndTime "12:27:23 PST"]
[Termination "GGuseinov won by resignation"]

1. e4 c5 2. Nf3 g6 3. d4 cxd4 4.
Nxd4 Bg7 5. Nc3 Nc6 6. Be3 Nf6 7. Bc4 O-O 8. Bb3 Qa5 9. f3 d6 10. O-O Bd7 11. Qd2 a6 12. Rad1 Rfe8 13. Kh1 Rac8 14.
Qf2 Qc7 15. Qh4 Qa5 16. Qf2 Qh5 17. Nde2 g5 18. Nd5 Nxd5 19. Rxd5 Ne5 20. f4 e6 21.
fxe5 exd5 22. Bxd5 Be6 23. exd6 Rxc2 24. Bxe6 fxe6 25.
g4 Qg6 26. Qf3 Rf8 27. d7 Rxf3 28. d8=Q+ Rf8 29. Rxf8+ Bxf8 30. Qd3 Rxe2 31. Qxe2 Qxe4+ 32. Kg1 Bc5 33. Kf2 Qf4+ 0-1

[Event "*** Titled Tuesday 3|2 Blitz"]
[Site "Chess.com"]
[Date "2015.03.03"]
[Round "7"]
[White "jup1978"]
[Black "LADIESGET2KNOWME"]
[Result "1-0"]
[WhiteElo "2159"]
[BlackElo "2256"]
[TimeControl "180+2"]
[EndTime "12:27:23 PST"]
[Termination "jup1978 won by resignation"]

1. e4 e6 2. d4 d5 3. Nd2 Nf6 4.
e5 Nfd7 5. Bd3 c5 6. c3 Nc6 7. Ne2 cxd4 8. cxd4 f6 9. exf6 Nxf6 10. Nf3 Bd6 11. O-O O-O 12. Bf4 Nd7 13. Bxd6 Rxf3 14. gxf3 Nf6 15. Bg3 Nh5 16. Nf4 Nf6 17. Re1 Qe8 18.
Ng2 Qh5 19. Re3 Nxd4 20. Bxh7+ Nxh7 21. Qxd4 Ng5 22. Qe5 Nxf3+ 23. Rxf3 Qxf3 24. Re1 Bd7 25. Nf4 Re8 26. Nh5 Qg4 27. Nf4 Bc6 28. h3 Qf3 29. Nxe6 Qf7 30. f4 g6 31. Kh2 Bd7 32. f5 gxf5 33. Rg1 Rxe6 34. Bf2+ Kh7 35. Qf4 Re4 36. Qg5 f4 37. Qh4+ 1-0

[Event "*** Titled Tuesday 3|2 Blitz"]
[Site "Chess.com"]
[Date "2015.03.03"]
[Round "7"]
[White "Cryptochess"]
[Black "IMLevAltounian"]
[Result "0-1"]
[WhiteElo "2381"]
[BlackElo "2445"]
[TimeControl "180+2"]
[EndTime "12:27:29 PST"]
[Termination "IMLevAltounian won by checkmate"]

1. e4 e6 2. d3 d5 3. Nd2 Nf6 4. Ngf3 b6 5. g3 dxe4 6. dxe4 Bb7 7. Qe2 Nc6 8. c3 a5 9. Bg2 Nd7 10. O-O Nc5 11. Rd1 Qd3 12. Qe1 Qc2 13. Bf1 O-O-O 14. Be2 Nd3 15. Qf1 Bc5 16. Ne1 Nxe1 17.
Rxe1 Rxd2 18. Bxd2 Qxd2 19. Rab1 Rd8 20. Red1 Qg5 21.
Rxd8+ Qxd8 22. Rd1 Qf6 23. Kg2 Ne5 24. f3 g5 25. h3 h5 26. g4 h4 27. Qe1 Qf4 28. Bf1 Qxf3+ 29. Kh2 Qf4+ 30. Kh1 Bxe4+ 31. Bg2 Bxg2+ 32.
Kxg2 Qf3+ 33. Kh2 Qf4+ 34. Kg2 Nf3 35. Qe2 Qg3+ 36. Kf1 Qg1# 0-1

[Event "*** Titled Tuesday 3|2 Blitz"]
[Site "Chess.com"]
[Date "2015.03.03"]
[Round "7"]
[White "AlexanderL"]
[Black "wonderfultime"]
[Result "1-0"]
[WhiteElo "2529"]
[BlackElo "2547"]
[TimeControl "180+2"]
[EndTime "12:27:30 PST"]
[Termination "AlexanderL won by resignation"]

1. d4 d5 2. c4 c6 3. Nf3 Nf6 4. g3 Bf5 5. Nc3 e6 6. Nh4 Be4 7. f3 Bg6 8. Qb3 Qb6 9. Nxg6 hxg6 10. e4 dxe4 11. fxe4 Bb4 12. Bg2 Na6 13. e5 Ng4 14. c5 Qd8 15. Qd1 Nh6 16. Bxh6 Rxh6 17. O-O Bxc3 18. bxc3 Nc7 19. Rb1 Rb8 20. Rxb7 Kf8 21. Qf3 f5 22. Rxb8 Qxb8 23. Qxc6 Kg8 24. Qb7 Qd8 25. Rb1 Kh7 26. Qf3 Nd5 27. c4 Ne7 28. d5 g5 29. d6 Ng6 30. Qc3 f4 31. c6 fxg3 32. hxg3 g4 33. c7 Qg5 34. c8=Q Nxe5 35.
Be4+ 1-0

[Event "*** Titled Tuesday 3|2 Blitz"]
[Site "Chess.com"]
[Date "2015.03.03"]
[Round "7"]
[White "AndreyOstrovskiy"]
[Black "destroyer305"]
[Result "1-0"]
[WhiteElo "2353"]
[BlackElo "2193"]
[TimeControl "180+2"]
[EndTime "12:27:31 PST"]
[Termination "AndreyOstrovskiy won on time"]

1. e4 c5 2. Nf3 g6 3. d4 cxd4 4.
Qxd4 Nf6 5. Nc3 Nc6 6. Qa4 d6 7.
e5 dxe5 8. Nxe5 Qc7 9. Nxc6 bxc6 10. Bf4 Qb6 11. Be3 Qc7 12. Be2 Bg7 13. Bf3 Bd7 14. O-O O-O 15. Bc5 Rfe8 16. Rfd1 Nd5 17. Bd4 e5 18. Bc5 Nxc3 19. bxc3 Rec8 20. h4 Bf5 21. h5 e4 22. Bd6 Qb6 23. Rab1 Qd8 24. Bxe4 Qh4 25.
Bxc6 Qxa4 26. Bxa4 Rxc3 27. hxg6 hxg6 28. Bb4 Rc7 29.
Rd2 Rac8 30. Bd6 1-0

[Event "*** Titled Tuesday 3|2 Blitz"]
[Site "Chess.com"]
[Date "2015.03.03"]
[Round "7"]
[White "Irochka83"]
[Black "pKiLz5Rn9b"]
[Result "0-1"]
[WhiteElo "2271"]
[BlackElo "2243"]
[TimeControl "180+2"]
[EndTime "12:27:37 PST"]
[Termination "pKiLz5Rn9b won by resignation"]

1. c4 e5 2. Nc3 Nc6 3. g3 g6 4. Bg2 Bg7 5. e3 Nge7 6. Nge2 d6 7.
d4 O-O 8. h3 Bf5 9. O-O Na5 10.
b3 exd4 11. exd4 c5 12. Be3 Nac6 13. dxc5 dxc5 14. Bxc5 Qd3 15. Qxd3 Bxd3 16. Rad1 Rfd8 17. Rfe1 Nf5 18. Nd5 Bxe2 19. Rxe2 Rac8 20. g4 Nfd4 21. Red2 Ne6 22. Be3 Kf8 23. f4 f5 24. gxf5 gxf5 25. h4 Rd7 26. Bh3 Rf7 27. Kf2 Re8 28. Kf3 Bh6 29.
b4 b6 30. a3 Bg7 31. h5 Rc8 32. Kf2 Nb8 33. Rc2 Nc6 34. c5 Ncd4 35. Rc4 Nb5 36.
a4 Nd6 37. cxd6 Rxc4 38. Nc7 Nxc7 39. d7 Ne6 40. d8=Q+ Nxd8 41. Rxd8+ Ke7 42. Ra8 Bd4 43. Rxa7+ Kf6 44. Rxf7+ Kxf7 45. Bxf5 h6 46. a5 Rxb4 47. axb6 Rb2+ 48. Kf3 Rb3 49. b7 Rxe3+ 50. Kg4 Rb3 51. Be4 Kf6 0-1

[Event "*** Titled Tuesday 3|2 Blitz"]
[Site "Chess.com"]
[Date "2015.03.03"]
[Round "7"]
[White "DanielRensch"]
[Black "PauloCesarCosta"]
[Result "1-0"]
[WhiteElo "2259"]
[BlackElo "2043"]
[TimeControl "180+2"]
[EndTime "12:27:53 PST"]
[Termination "DanielRensch won on time"]

1. d4 d5 2. Nc3 e6 3. Bf4 Nf6 4.
e3 Bd6 5. Bg3 O-O 6. Nf3 c5 7.
dxc5 Bxc5 8. Bd3 Nc6 9. O-O Bd6 10.
e4 Bxg3 11. hxg3 dxe4 12. Nxe4 Nxe4 13. Bxe4 Qf6 14. c3 Rd8 15. Qc2 h6 16. Rad1 Bd7 17. Rd2 Be8 18. Rfd1 Rxd2 19. Rxd2 Rd8 20. Qa4 Rxd2 21.
Nxd2 Qd8 22. Nf3 a6 23. Bc2 g6 24. Qf4 Kg7 25. Be4 Qf6 26. Qc7 Nd8 27. Bxb7 Nxb7 28. Qxb7 a5 29. Qc7 a4 30. a3 Qf5 31. Nd4 Qb1+ 32.
Kh2 Qxb2 33. Nxe6+ Kf6 34. Nf4 Qb5 35. c4 Qd7 36. Nd5+ Kg7 37. Qe5+ 1-0

[Event "*** Titled Tuesday 3|2 Blitz"]
[Site "Chess.com"]
[Date "2015.03.03"]
[Round "7"]
[White "brauliocuarta"]
[Black "Aragon"]
[Result "1-0"]
[WhiteElo "2029"]
[BlackElo "1962"]
[TimeControl "180+2"]
[EndTime "12:27:55 PST"]
[Termination "brauliocuarta won by checkmate"]

1. d4 d5 2. c4 e6 3. Nc3 c6 4.
Nf3 dxc4 5. a4 Bb4 6. e4 b5 7. Bd2 a5 8. axb5 Bxc3 9. bxc3 cxb5 10. Qb1 Ba6 11. Be2 Ne7 12. O-O a4 13. e5 Nbc6 14. Ng5 Na5 15. Bh5 g6 16. Bf3 Rb8 17. Ne4 O-O 18. Bh6 Nb3 19. Nf6+ Kh8 20. Qe4 Nf5 21.
Bxf8 Qxf8 22. Qg4 Qg7 23. Rab1 Bb7 24. Bxb7 Rxb7 25. Qf3 Rb8 26. g4 Nh6 27. Qc6 Qf8 28.
Qc7 Ng8 29. Nd7 Qd8 30. Qxb8 Qxd7 31. Qf8 Qd5 32. f4 Qd7 33. f5 Nd2 34. f6 Nxb1 35. Qg7# 1-0

[Event "*** Titled Tuesday 3|2 Blitz"]
[Site "Chess.com"]
[Date "2015.03.03"]
[Round "7"]
[White "FabianEnglert"]
[Black "pedromartinez91"]
[Result "0-1"]
[WhiteElo "2239"]
[BlackElo "2170"]
[TimeControl "180+2"]
[EndTime "12:28:11 PST"]
[Termination "pedromartinez91 won by resignation"]

1. Nf3 d5 2. c4 dxc4 3. e3 Nc6 4.
Bxc4 e5 5. Qb3 Qd7 6. Qc2 Bd6 7. a3 Nf6 8. O-O e4 9. Ng5 Qg4 10. Nxf7 Bxh2+ 11. Kxh2 Qh4+ 12. Kg1 Bf5 13. g3 Qh5 14.
Nxh8 Ne5 15. Bf7+ Nxf7 16. Qxc7 Ng5 17. Qe5+ Kf8 18. g4 Nf3+ 19. Kg2 Nxg4 20. Qg3 Kg8 21. Rh1 Ngh2 22. Rxh2 Nxh2 23. Qxh2 Qf3+ 24. Kg1 Qd1+ 25. Kg2 Qxc1 26. Qf4 Rf8 27. Kh2 Qxb2 28. Nc3 Qxa1 29. Nxe4 Bxe4 30. Qxe4 Rxf2+ 31. Kh3 Qf1+ 32. Kh4 Rh2+ 33.
Kg3 Qf2+ 34. Kg4 Qg2+ 35. Kf5 Rh5+ 0-1

[Event "*** Titled Tuesday 3|2 Blitz"]
[Site "Chess.com"]
[Date "2015.03.03"]
[Round "7"]
[White "chesstatour"]
[Black "Hafez_Bakr"]
[Result "1-0"]
[WhiteElo "1891"]
[BlackElo "1807"]
[TimeControl "180+2"]
[EndTime "12:28:11 PST"]
[Termination "chesstatour won by resignation"]

1. d4 Nf6 2. c4 e6 3. Nc3 Bb4 4.
Bg5 O-O 5. Nf3 h6 6. Bh4 d5 7. e3 Nbd7 8. Bd3 b6 9. O-O Be7 10. Rc1 Bb7 11. cxd5 Nxd5 12. Nxd5 exd5 13. Bxe7 Qxe7 14.
Rxc7 Bc8 15. Ne5 Qd6 16. Rc6 Qe7 17. Nxd7 Bxd7 18. Rc7 Qd6 19. Rc3 Rfc8 20. Qb3 Rxc3 21.
bxc3 Rc8 22. c4 dxc4 23. Bxc4 Be8 24. Rd1 Qc7 25. Be2 Qc2 26. Bf3 Rc3 27. Qd5 Bc6 28.
Qd8+ Kh7 29. d5 g6 30. dxc6 Rxc6 31. Bxc6 Qxc6 32. Qd4 Qe6 33. g3 Qxa2 34. Qf6 a5 35. Rd8 Qb1+ 36. Kg2 Qe4+ 37. Kh3 Qf5+ 38. Qxf5 gxf5 39. Rb8 a4 40. Rxb6 Kg7 41. Ra6 f6 42.
Rxa4 Kg6 43. Kg2 Kg5 44. Kf3 h5 45. h4+ Kg6 46. Kf4 1-0

[Event "*** Titled Tuesday 3|2 Blitz"]
[Site "Chess.com"]
[Date "2015.03.03"]
[Round "7"]
[White "Fandorine"]
[Black "AkshatChandra"]
[Result "1-0"]
[WhiteElo "2587"]
[BlackElo "2525"]
[TimeControl "180+2"]
[EndTime "12:28:33 PST"]
[Termination "Fandorine won by resignation"]

1. e4 c5 2. Nf3 e6 3. d3 Nc6 4. g3 d5 5. Nbd2 Bd6 6. Bg2 Nge7 7. O-O O-O 8. c3 Bc7 9. Re1 b6 10. exd5 Nxd5 11. Nc4 Bb7 12. Qe2 Re8 13. h4 f6 14. a4 Qd7 15. h5 e5 16. Nfd2 Rad8 17. h6 g6 18. Ne4 f5 19. Bg5 fxe4 20. Bxd8 Rxd8 21. dxe4 Nf6 22. Rad1 Qe7 23. Ne3 Na5 24. Rxd8+ Bxd8 25. Nd5 Nxd5 26. exd5 Bc7 27. Qg4 Bd6 28. f4 Nc4 29. Qe2 Ba6 30. b3 Qf6 31.
bxc4 exf4 32. Qe6+ Qxe6 33. Rxe6 Bf8 34. d6 Bxc4 35. d7 Bxe6 36. d8=Q Kf7 37. Bd5 Be7 38. Bxe6+ Kxe6 39. Qg8+ Kf6 40. Qxh7 c4 41. Qg7+ Ke6 42. Qxg6+ Ke5 43. gxf4+ Kxf4 44. h7 1-0

[Event "*** Titled Tuesday 3|2 Blitz"]
[Site "Chess.com"]
[Date "2015.03.03"]
[Round "7"]
[White "ChessPsych0"]
[Black "jcibarra"]
[Result "0-1"]
[WhiteElo "2090"]
[BlackElo "2526"]
[TimeControl "180+2"]
[EndTime "12:28:35 PST"]
[Termination "jcibarra won by checkmate"]

1. d4 Nf6 2. c4 d6 3. Nf3 g6 4. Nc3 Bf5 5. g3 Ne4 6. Nxe4 Bxe4 7. Bg2 Bg7 8. O-O O-O 9. Be3 c5 10. Qd2 Qb6 11. Rfd1 Nc6 12. d5 Na5 13. b3 Bxa1 14.
Rxa1 Qa6 15. Qc3 f6 16. Bh6 b5 17. Ng5 Bxg2 18. Kxg2 bxc4 19. Bxf8 Rxf8 20. Ne6 Rb8 21. Qd2 Kh8 22. Qh6 Rg8 23. Nf8 Rg7 24. Ne6 Rf7 25.
Nd8 Rg7 26. Ne6 Rf7 27. Nd8 Kg8 28. Nxf7 Kxf7 29. Qxh7+ Kf8 30. Qh8+ Kf7 31. Qh7+ Kf8 32. Qxg6 Nxb3 33. Re1 Qxa2 34. h4 Qd2 35. h5 Qxd5+ 36. f3 Qf7 37. Qf5 e6 38. Qf4 e5 39. Qf5 Nd4 40. Qc8+ Kg7 41. Rh1 c3 42. h6+ Kh7 43. e3 Qa2+ 44. Kh3 Qe6+ 45. Qxe6 Nxe6 46. Rc1 e4 47. f4 d5 48. Rxc3 d4 49. exd4 cxd4 50. Rc6 d3 51. Rxe6 d2 52. Rxe4 d1=Q 53. Re7+ Kxh6 54.
Rxa7 Qh1+ 55. Kg4 Qh5# 0-1

[Event "*** Titled Tuesday 3|2 Blitz"]
[Site "Chess.com"]
[Date "2015.03.03"]
[Round "7"]
[White "Bab3s"]
[Black "gumersindo"]
[Result "0-1"]
[WhiteElo "2038"]
[BlackElo "2104"]
[TimeControl "180+2"]
[EndTime "12:28:35 PST"]
[Termination "gumersindo won by resignation"]

1. e4 e5 2. Nf3 Nc6 3. d4 exd4 4.
Bc4 Bc5 5. O-O Nf6 6. e5 Ng4 7. Bxf7+ Kxf7 8. Ng5+ Kg8 9. Qxg4 d5 10. e6 Qf6 11.
Re1 d3 12. Be3 Bxe3 13. Rxe3 Qxb2 14. h4 Qxa1 15. Qf5 Qf6 16. Qxd5 Ne7 17. Qd8+ Qf8 18. Qxc7 h6 19. Nf7 dxc2 20. Qxc2 Bxe6 21. Nxh8 Kxh8 22. Rxe6 Nc6 23. Qe4 Rd8 24. Nc3 Qf7 25. Ne2 Rf8 26. f3 Qf5 27. Ng3 Qc5+ 28. Kh2 Qb4 29. Qxb4 Nxb4 30.
Re7 Rf4 31. Kh3 Nxa2 32. Nh5 Rb4 33. Rxg7 Rb5 34. g4 Rxh5 35. Rxb7 Ra5 36. f4 Nc3 37. g5 hxg5 38. hxg5 Ne2 39. Kg4 Ra4 40. g6 Nxf4 41. Kg5 Nd5 42. Kh6 Rh4+ 43. Kg5 Ra4 44. Kh6 Rh4+ 45.
Kg5 Rh1 46. Rxa7 Rf1 47. Kh6 Rh1+ 48. Kg5 Kg8 49. Rd7 Nb6 50. Rb7 Nc4 51. Kf6 Rf1+ 52. Kg5 Nd6 53. Rd7 Ne4+ 54. Kh4 Rh1+ 55. Kg4 Nf6+ 0-1

[Event "*** Titled Tuesday 3|2 Blitz"]
[Site "Chess.com"]
[Date "2015.03.03"]
[Round "7"]
[White "biostatistician"]
[Black "patzerplay"]
[Result "0-1"]
[WhiteElo "2292"]
[BlackElo "2179"]
[TimeControl "180+2"]
[EndTime "12:28:59 PST"]
[Termination "patzerplay won by checkmate"]

1. d4 Nf6 2. Nf3 g6 3. c4 Bg7 4. Nc3 d5 5. cxd5 Nxd5 6. e4 Nxc3 7. bxc3 O-O 8. Be2 c5 9. O-O Nc6 10. Be3 Qc7 11. Qd2 Rd8 12. Rad1 Bg4 13. d5 Bxf3 14. Bxf3 c4 15. Be2 Na5 16. f4 b6 17. e5 Nb7 18.
Bf3 Rac8 19. Qd4 e6 20. d6 Nxd6 21. Bf2 Nb5 22. Qe3 Bf8 23. a4 Na3 24. Qe2 Rxd1 25. Rxd1 Rd8 26. Bd4 Qd7 27. a5 Nb5 28. axb6 axb6 29.
Kf1 Qc7 30. Qf2 Nxd4 31. Rxd4 Bc5 32. Rxd8+ Qxd8 33. Qe2 b5 34. g3 Qa5 35. Qb2 Qb6 36.
Kg2 Be7 37. Ba8 b4 38. cxb4 Bxb4 39. Be4 Qc5 40. Qc2 Qd4 41. h4 Kg7 42. Kf3 Bc5 43.
Kg2 Qg1+ 44. Kh3 Bf2 45. Bg2 Qe1 46. Qxc4 Bxg3 47. h5 Bh4 48. Qd3 Be7 49. hxg6 Qh4# 0-1

[Event "*** Titled Tuesday 3|2 Blitz"]
[Site "Chess.com"]
[Date "2015.03.03"]
[Round "7"]
[White "kesarev"]
[Black "michaelk123"]
[Result "1-0"]
[WhiteElo "2228"]
[BlackElo "1893"]
[TimeControl "180+2"]
[EndTime "12:29:15 PST"]
[Termination "kesarev won by resignation"]

1. Nf3 c5 2. c4 g6 3. d4 cxd4 4.
Qxd4 Nf6 5. Nc3 Nc6 6. Qd2 Bg7 7.
g3 O-O 8. Bg2 d6 9. O-O Be6 10.
Nd5 Rc8 11. Rd1 Nd7 12. Ng5 Bxd5 13. Bxd5 e6 14. Bg2 Nde5 15. Qf4 Nb4 16. b3 Ned3 17.
exd3 Bxa1 18. d4 Nc6 19. Ba3 Bc3 20. Qh4 h5 21. Rd3 Nxd4 22. Bxb7 Nf5 23. Qf4 Rc7 24. Bf3 Be5 25. Qd2 Bf6 26. Ne4 Be5 27. Kg2 Qb8 28.
Nxd6 Nxd6 29. Bxd6 Bxd6 30. Rxd6 a5 31. Bxh5 a4 32. Qh6 Qb7+ 33. Bf3 Qb4 34. Rd4 Qc3 35. Rh4 Qg7 36. Qxg7+ Kxg7 37. Rd4 Rb8 38. Rd3 Rb4 39.
Bd1 Kf6 40. h4 Ke5 41. Kf3 f5 42. Ke3 Rb6 43. Kd2 Rd6 44. f4+ Kf6 45. Rxd6 axb3 46. axb3 Ra7 47. Rd3 Ra2+ 48. Bc2 Ra7 49. Rc3 Rc7 50.
c5 Ra7 51. c6 Rc7 52. b4 e5 53. fxe5+ Kxe5 54. b5 1-0

[Event "*** Titled Tuesday 3|2 Blitz"]
[Site "Chess.com"]
[Date "2015.03.03"]
[Round "7"]
[White "MattyDPerrine"]
[Black "1stSecond"]
[Result "0-1"]
[WhiteElo "2187"]
[BlackElo "2363"]
[TimeControl "180+2"]
[EndTime "12:29:35 PST"]
[Termination "1stSecond won on time"]

1. d4 Nf6 2. c4 g6 3. Nf3 d5 4. g3 Bg7 5. Bg2 O-O 6. O-O c6 7. Nbd2 Bf5 8. b3 Nbd7 9. Bb2 Qa5 10.
Qc1 Ne4 11. Rd1 Rfc8 12. Nh4 Nxd2 13. Nxf5 gxf5 14. Qxd2 Qxd2 15. Rxd2 e6 16. Rc1 Bh6 17. e3 Bf8 18. cxd5 cxd5 19. Rdc2 Nb6 20. a4 Rxc2 21. Rxc2 Rc8 22. Rxc8 Nxc8 23. Kf1 Bb4 24. Ke2 b6 25. Kd3 a5 26. f3 Nd6 27. h3 h5 28. Bc3 Bxc3 29. Kxc3 Kg7 30. f4 h4 31. g4 fxg4 32. hxg4 f5 33. gxf5 exf5 34. Kd3 Ne4 35. Ke2 Kf6 36.
Bh3 Ke6 37. Bg2 Nf6 38. Bh3 Ne8 39. Bg2 Nd6 40. Bh3 b5 41. axb5 Nxb5 42. Bg2 Nc3+ 43.
Kd3 Ne4 44. Ke2 Kd6 45. Bxe4 dxe4 46. Kf2 Kc6 47. Kg2 Kb5 48. Kh3 Kb4 49. Kxh4 Kxb3 50. d5 a4 51. d6 a3 52. d7 a2 53. d8=Q a1=Q 54. Qd5+ Kc2 55. Qc5+ Kd3 56. Qxf5 Kxe3 57. Qh3+ Kxf4 58. Qg3+ Kf5 59. Qg5+ Ke6 60. Qe3 Kd5 61. Qb3+ Kd4 62. Qb6+ Kd3 63. Qb5+ Ke3 64. Qb3+ Kf2 65.
Qg3+ Ke2 66. Qg2+ Kd3 67. Qg3+ e3 68. Qg6+ Kd2 69. Qd6+ Ke2 70. Qh2+ Kd3 71. Qc7 e2 72. Qh7+ Kd2 73. Qd7+ Ke1 74. Kg3 Qe5+ 75. Kg2 Qg5+ 0-1

[Event "*** Titled Tuesday 3|2 Blitz"]
[Site "Chess.com"]
[Date "2015.03.03"]
[Round "7"]
[White "Brandon_Clarke"]
[Black "Rijeka1999"]
[Result "1-0"]
[WhiteElo "2313"]
[BlackElo "2242"]
[TimeControl "180+2"]
[EndTime "12:30:01 PST"]
[Termination "Brandon_Clarke won by resignation"]

1. e4 e5 2. Nf3 Nc6 3. Bb5 a6 4.
Ba4 Nf6 5. O-O Be7 6. Re1 b5 7. Bb3 d6 8. c3 O-O 9. h3 h6 10.
d4 Re8 11. Nbd2 Bf8 12. Nf1 Bd7 13. Ng3 Na5 14. Bc2 Nc4 15. b3 Nb6 16. a4 bxa4 17. bxa4 a5 18. Qd3 c5 19. Bb2 Qc7 20. dxe5 dxe5 21.
c4 Bc6 22. Qc3 Nfd7 23. Nf5 Qb7 24. Nd2 Nf6 25. Qg3 g6 26. Nh4 Bg7 27. Nhf3 Nbd7 28. Rab1 Nh5 29. Qh2 Qc7 30. Bc3 Nf4 31. Nf1 Ne6 32.
Ne3 Nd4 33. Bxd4 cxd4 34. Nxd4 Nc5 35. Nxc6 Qxc6 36. Nd5 Nxa4 37. Bxa4 Qxa4 38. Nb6 Qa2 39. Nxa8 Rxa8 40. Rec1 Qe2 41. Qg3 Qxe4 42. c5 Rc8 43. Qa3 a4 44. Rb4 Qd5 45. Rxa4 Bf8 46. Rac4 e4 47. Qe3 f5 48. c6 Bd6 49. Rd4 Qe5 50. g3 g5 51. Qb3+ Kg7 52. Qd5 Qxd5 53. Rxd5 Ba3 54. Rd7+ Kf6 55. Rc3 Bb2 56. Rc2 Be5 57. c7 f4 58. Rc4 fxg3 59. fxg3 Bxg3 60. Kg2 Bf4 61. Rc6+ Ke5 62. Rh7 Kd5 63. Rc2 e3 64. Kf3 Kd4 65. Rd7+ Ke5 66. Rd8 e2 67. Rxe2+ 1-0

[Event "*** Titled Tuesday 3|2 Blitz"]
[Site "Chess.com"]
[Date "2015.03.03"]
[Round "7"]
[White "BjarkeSahl"]
[Black "MITerryble"]
[Result "1-0"]
[WhiteElo "2108"]
[BlackElo "2477"]
[TimeControl "180+2"]
[EndTime "12:30:14 PST"]
[Termination "BjarkeSahl won by resignation"]

1. e4 e6 2. d4 d5 3. Nc3 Nf6 4. Bg5 Bb4 5. e5 h6 6. Bd2 Bxc3 7.
bxc3 Ne4 8. Ne2 c5 9. Ng3 Nxd2 10. Qxd2 Qa5 11. Nh5 O-O 12. h4 cxd4 13. cxd4 Qxd2+ 14. Kxd2 Nc6 15. c3 Bd7 16. Rh3 Kh8 17. Rg3 Rg8 18. Rf3 Be8 19. g4 Ne7 20. g5 Nf5 21. gxh6 Nxh6 22.
Nf4 Rc8 23. Bd3 Rc7 24. Rg1 Re7 25. Rfg3 Rc7 26. Nh3 Re7 27. f4 f6 28. Nf2 Bh5 29.
Bg6 Bxg6 30. Rxg6 Rf7 31. Ng4 Nxg4 32. R1xg4 Kh7 33. h5 f5 34. Rg3 Re8 35. Rg1 Ree7 36. Rb1 b6 37. Rb4 Rf8 38. c4 dxc4 39. Rxc4 Rfe8 40. Rc6 Kg8 41. h6 Kh7 42. Rxg7+ Rxg7 43. hxg7 Kxg7 44. Rc7+ Kg6 45. Rxa7 Kh5 46. Rb7 Kg4 47.
Ke3 Ra8 48. Rg7+ Kh4 49. Rg6 Ra3+ 50. Kd2 Rxa2+ 51. Kc3 Ra3+ 52. Kb4 Rf3 53. Rxe6 Rxf4 54. Kc4 Re4 55. Rxb6 f4 56. Kd5 Re1 57. Rf6 Kg5 58.
Rf8 Kg4 59. e6 f3 60. Kd6 Re4 61. d5 Kg3 62. e7 f2 63. Rxf2 Kxf2 64. Kd7 1-0

[Event "*** Titled Tuesday 3|2 Blitz"]
[Site "Chess.com"]
[Date "2015.03.03"]
[Round "7"]
[White "EltajSafarli"]
[Black "GeorgMeier"]
[Result "1/2-1/2"]
[WhiteElo "2683"]
[BlackElo "2738"]
[TimeControl "180+2"]
[EndTime "12:30:57 PST"]
[Termination "Game drawn by agreement"]

1. e4 e6 2. d4 d5 3. Nd2 dxe4 4.
Nxe4 Nd7 5. Bd3 Ngf6 6. Qe2 c5 7. dxc5 Nxe4 8. Bxe4 Nxc5 9. Nf3 Nxe4 10. Qxe4 Qd5 11. Qxd5 exd5 12. O-O f6 13. Rd1 Be6 14. Nd4 Bg4 15. f3 Bd7 16. Be3 Kf7 17. Ne2 Bc6 18. Nc3 Bd6 19. Nxd5 Rhe8 20. Kf2 Bxh2 21. Nb4 Be5 22.
Bd4 Rac8 23. c4 h5 24. Bxe5 Rxe5 25. Rac1 g5 26. Nd3 Re7 27. Nb4 h4 28. Rd6 Re6 29. Rd4 Rce8 30. Rc2 a5 31. Nxc6 bxc6 32. Rcd2 f5 33.
Rd7+ R8e7 34. b3 Kf6 35. Rd8 Re8 36. R8d4 R8e7 37. c5 Re5 38. Rc2 Rb7 39. f4 gxf4 40. Rxf4 Kg5 41. Kf3 Rb5 42. Rfc4 Rd5 43. Kf2 Re5 44.
Kg1 Re4 45. R4c3 a4 46. Rd3 axb3 47. axb3 Re5 48. Rdc3 Re4 49. Kh2 Reb4 50. Rd3 Rxb3 51. Rd6 Rb2 52. Rxb2 Rxb2 53. Rxc6 f4 54. Kg1 Rc2 55.
Rc8 Kf5 56. c6 Ke6 57. c7 Kd7 58. Rf8 Rxc7 59. Rxf4 Ke6 60. Rxh4 Kf5 61. Kh2 Kg5 62.
Ra4 Kg6 63. Kh3 Rc6 64. g3 Rb6 65. Kh4 Rc6 66. Kg4 Rb6 1/2-1/2